 Dungeon Crawl Stone Soup version 0.20.1-1-g8b1a95d (webtiles) character file.

12 doot the Changer (level 2, 0/21 HPs)
             Began as a Merfolk Transmuter on Oct 21, 2017.
             Slain by a hobgoblin
             ... wielding a +0 club
              (6 damage)
             ... on level 1 of the Dungeon.
             The game lasted 00:01:37 (405 turns).

doot the Changer (Merfolk Transmuter)                Turns: 405, Time: 00:01:38

Health: 0/21       AC:  2    Str: 10    XL:     2   Next: 33%
Magic:  4/5        EV: 13    Int: 12    God:
Gold:   0          SH:  0    Dex: 14    Spells: 4/5 levels left

rFire    . . .     SeeInvis .   f - +0 spear
rCold    . . .     Gourm    .   (no shield)
rNeg     . . .     Faith    .   b - +0 robe
rPois    .         Spirit   .   (no helmet)
rElec    .         Reflect  .   (no cloak)
rCorr    .         Harm     .   (no gloves)
MR       .....                  (no boots)
Stlth    +.........             (no amulet)
Regen    0.1/turn               (no ring)
MPRegen  0.1/turn               (no ring)

@: appendage (expiring)
A: change form in water, swift swim, stealthy swim, horns 2
a: End Transformation


You were on level 1 of the Dungeon.
You were not hungry.
You had grown temporary horns.
You visited 1 branch of the dungeon, and saw 1 of its levels.

Inventory:

Hand Weapons
 e - a +0 club
 f - a +0 spear (weapon)
Missiles
 a - 12 arrows
Armour
 b - a +0 robe (worn)
Scrolls
 g - a scroll of identify {unknown}
Books
 c - a book of Changes

   Spells                             Type                      Level
   a - Beastly Appendage              Transmutation                1
   b - Sticks to Snakes               Transmutation                2
   c - Spider Form                    Transmutation/Poison         3
   d - Ice Form                       Ice/Transmutation            4
   e - Blade Hands                    Transmutation                5
Comestibles
 d - a bread ration


   Skills:
 - Level 1.1 Fighting
 - Level 2.6 Dodging
 - Level 3.2 Unarmed Combat
 - Level 2.0 Spellcasting
 + Level 3.9 Transmutations


You had 4 spell levels left.
You knew the following spells:

 Your Spells              Type           Power        Failure   Level  Hunger
a - Beastly Appendage     Tmut           ##....       5%          1    ##.....


Dungeon Overview and Level Annotations

Branches:
Dungeon (1/15)

Altars:


Innate Abilities, Weirdness & Mutations

You revert to your normal form in water.
You are very nimble and swift while swimming.
You are very stealthy in the water. (Stealth+)
You have a pair of horns on your head.


Message History

You hit the goblin.
The goblin is moderately wounded.
The hobgoblin hits you but does no damage.
You barely miss the goblin. You headbutt the goblin.
You kill the goblin!
The hobgoblin closely misses you. The hobgoblin hits you with a club.
You closely miss the hobgoblin. The hobgoblin barely misses you.
The hobgoblin hits you with a club.
* * * LOW HITPOINT WARNING * * *
You barely miss the hobgoblin. You headbutt the hobgoblin.
The hobgoblin is almost dead.
The hobgoblin misses you. x2
You barely miss the hobgoblin. You headbutt the hobgoblin.
You kill the hobgoblin!
The hobgoblin hits you but does no damage.
You hit the hobgoblin but do no damage.
You headbutt the hobgoblin, but do no damage.
Your transformation is almost over.
The hobgoblin hits you with a club.
You die...

####### ### ##.....## ##.#
##.......## #..# #.........#
#..# #.........# ##..#
#.........# ##...#####
#.........######........# .
#...........)g..........##...
##.........)@)...............
#.........#########.###....#.
#.........## #.# #......
#..........# #.# #....##
#..........# #.# #.#....
#..........# ####.. .......
##.......#.... ...... .....#.
##.....###### #.##.. ....##.
####.#########.############


You could see a hobgoblin.

Vanquished Creatures
  A dart slug (D:1)
  A giant cockroach (D:1)
  A goblin (D:1)
  2 hobgoblins (D:1)
  2 bats (D:1)
  A frilled lizard (D:1)
  3 rats (D:1)
11 creatures vanquished.

Notes
Turn   | Place    | Note
-------+----------+-------------------------------------------
     0 | D:1      | doot the Merfolk Transmuter began the quest for the Orb.
     0 | D:1      | Reached XP level 1. HP: 15/15 MP: 3/3
    85 | D:1      | Reached XP level 2. HP: 10/21 MP: 3/5
   405 | D:1      | Slain by a hobgoblin

Skill      XL: |  1 |
---------------+----+-----
Transmutations | 3 |  3.9
Fighting       | |  1.1
Dodging        | |  2.6
Unarmed Combat | |  3.2
Spellcasting   | |  2.0

Action                   || total
-------------------------++-------
Melee: Club              ||    15
       Unarmed           ||     5
       Headbutt          ||     6
       Spear             ||    12
 Cast: Beastly Appendage ||     5
Armor: Robe              ||    11
Dodge: Dodged            ||    28
